[Event "Championnat de Paris Open Fide"]
[Site "Stade Charléty - 75013 Paris"]
[Date "2015.07.07"]
[Round "4.6"]
[White "Renet, Olivier"]
[Black "Aranovitch, Emiliano"]
[Result "1-0"]
[ECO "B65"]
[WhiteElo "2512"]
[BlackElo "2347"]
[PlyCount "59"]
[EventDate "2015.??.??"]
[TimeControl "5430"]

1. e4 c5 2. Nf3 d6 3. d4 cxd4 4. Nxd4 Nf6 5. Nc3 Nc6 6. Bg5 e6 7. Qd2 Be7 8.
O-O-O Nxd4 9. Qxd4 O-O 10. f4 Qa5 11. Bc4 Rd8 12. Rhf1 a6 13. Bb3 b5 14. e5
dxe5 15. Qxe5 h6 16. Bh4 Bb7 17. f5 Ng4 18. Qg3 Bxh4 19. Qxg4 Bg5+ 20. Kb1
Rxd1+ 21. Rxd1 b4 22. fxe6 bxc3 23. exf7+ Kf8 24. Re1 cxb2 25. Qe6 Qd8 26. Qg6
Be3 27. Qh7 Qd2 28. Qg8+ Ke7 29. f8=Q+ Rxf8 30. Qxg7+ 1-0

[Event "Championnat de Paris Open Fide"]
[Site "Stade Charléty - 75013 Paris"]
[Date "2015.07.07"]
[Round "4.8"]
[White "Valles, Manuel"]
[Black "Sochacki, Wojtek"]
[Result "1-0"]
[ECO "D70"]
[WhiteElo "2350"]
[BlackElo "2302"]
[PlyCount "34"]
[EventDate "2015.??.??"]
[TimeControl "5430"]

1. d4 Nf6 2. c4 g6 3. f3 d5 4. cxd5 Nxd5 5. e4 Nb6 6. Nc3 Bg7 7. Be3 O-O 8. Qd2
Nc6 9. O-O-O Qd6 10. Kb1 Rd8 11. Nb5 Qd7 12. d5 Ne5 13. Qc1 c6 14. Nxa7 Na4 15.
b3 cxd5 16. Bb5 Nb6 17. Bf1 Na4 1-0

[Event "Championnat de Paris Open Fide"]
[Site "Stade Charléty - 75013 Paris"]
[Date "2015.07.09"]
[Round "6.6"]
[White "Legky, Nikolay A"]
[Black "Aranovitch, Emiliano"]
[Result "1-0"]
[ECO "A45"]
[WhiteElo "2420"]
[BlackElo "2347"]
[PlyCount "61"]
[EventDate "2015.??.??"]
[TimeControl "5430"]

1. d4 Nf6 2. Bg5 Ne4 3. Bf4 c5 4. f3 Qa5+ 5. c3 Nf6 6. d5 d6 7. e4 e6 8. Qd2
exd5 9. exd5 Be7 10. c4 Qd8 11. Nc3 O-O 12. Bd3 Nbd7 13. Nge2 Ne5 14. Ng3 Ne8
15. Be2 f5 16. Be3 Bh4 17. O-O Qf6 18. Nh5 Qf7 19. Nf4 Bg5 20. g3 Nc7 21. a4 a6
22. a5 Bd7 23. Rab1 Rae8 24. b4 cxb4 25. Rxb4 Bc8 26. c5 Be7 27. Rb6 Rd8 28.
Bd4 Bf6 29. Rxd6 g5 30. Rxf6 Qxf6 31. Nh5 1-0

[Event "Championnat de Paris Open Fide"]
[Site "Stade Charléty - 75013 Paris"]
[Date "2015.07.11"]
[Round "8.2"]
[White "Battaglini, Gabriel"]
[Black "Renet, Olivier"]
[Result "0-1"]
[ECO "D59"]
[WhiteElo "2449"]
[BlackElo "2512"]
[PlyCount "77"]
[EventDate "2015.??.??"]
[TimeControl "5430"]

1. d4 d5 2. Nf3 Nf6 3. c4 e6 4. Nc3 Be7 5. Bg5 h6 6. Bh4 O-O 7. e3 b6 8. cxd5
Nxd5 9. Bxe7 Qxe7 10. Nxd5 exd5 11. Rc1 Be6 12. Qb3 c5 13. Qa3 Rc8 14. Bb5 Qb7
15. dxc5 bxc5 16. Be2 Qb6 17. Ne5 a5 18. O-O Ra7 19. Rfd1 Nd7 20. Nd3 Rac7 21.
Nf4 Nf6 22. Bf3 Rd7 23. Rd4 Kh8 24. h3 Kg8 25. Ra4 Ra7 26. Nxe6 fxe6 27. e4 c4
28. exd5 exd5 29. Qc3 Rb8 30. Rc2 Re8 31. Rd2 Qb5 32. Qa3 Re1+ 33. Kh2 d4 34.
g3 d3 35. Rd1 Rxd1 36. Bxd1 Qb6 37. Kg2 Ne4 38. Kf3 Qd4 39. Rxc4 0-1

[Event "Championnat de Paris Open Fide"]
[Site "Stade Charléty - 75013 Paris"]
[Date "2015.07.11"]
[Round "8.9"]
[White "Le Ruyet, Leopold"]
[Black "Van Dongen, Patrick"]
[Result "0-1"]
[ECO "A36"]
[WhiteElo "2238"]
[BlackElo "2304"]
[PlyCount "76"]
[EventDate "2015.??.??"]
[TimeControl "5430"]

1. c4 c5 2. g3 Nc6 3. Bg2 g6 4. Nc3 Bg7 5. d3 d6 6. e4 e5 7. Nge2 Nge7 8. O-O
O-O 9. a3 Be6 10. Rb1 Qd7 11. b4 b6 12. Re1 Bh3 13. Bxh3 Qxh3 14. Kh1 Nd4 15.
Nxd4 cxd4 16. Ne2 Qh5 17. Ng1 Qxd1 18. Rxd1 f5 19. f3 Kf7 20. Ne2 Ke6 21. Kg2
Rf7 22. Bg5 fxe4 23. fxe4 Raf8 24. Rf1 Ng8 25. Rxf7 Rxf7 26. a4 Bh6 27. Bxh6
Nxh6 28. h3 Ng8 29. Ra1 Rb7 30. Nc1 Nf6 31. Nb3 Nd7 32. Ra3 Rb8 33. Nc1 a5 34.
bxa5 bxa5 35. Nb3 Nc5 36. Nxa5 Kd7 37. Kf2 Kc7 38. Ke2 Rb2+ 0-1

[Event "Championnat de Paris Open Fide"]
[Site "Stade Charléty - 75013 Paris"]
[Date "2015.07.??"]
[Round "9.2"]
[White "Renet, Olivier"]
[Black "Legky, Nikolay A"]
[Result "1-0"]
[ECO "C42"]
[WhiteElo "2512"]
[BlackElo "2420"]
[PlyCount "143"]
[EventDate "2015.??.??"]
[TimeControl "5430"]

1. e4 e5 2. Nf3 Nf6 3. Nc3 Bb4 4. Nxe5 O-O 5. Nd3 Bxc3 6. dxc3 Nxe4 7. Be2 d5
8. O-O h6 9. Be3 c6 10. Re1 Nd7 11. Bf1 b6 12. f3 Nd6 13. b3 Bb7 14. Qd2 Re8
15. Bf2 Qg5 16. Qf4 Qxf4 17. Nxf4 c5 18. h4 Nf6 19. h5 Rxe1 20. Rxe1 Re8 21.
Rd1 Nf5 22. Bd3 Ne7 23. Bb5 Rd8 24. b4 cxb4 25. cxb4 Rc8 26. Re1 Kf8 27. Bd3
Nc6 28. a3 Re8 29. Rxe8+ Kxe8 30. Bh4 Nd4 31. Bxf6 gxf6 32. Kf2 Ne6 33. Ne2 Ke7
34. Ke3 Kd6 35. c3 Bc8 36. g4 Nc7 37. Nd4 Bd7 38. Be2 Ke7 39. Bd3 Kd6 40. Be2
Ke7 41. f4 Bc8 42. Nc6+ Kd6 43. Nxa7 Bd7 44. a4 Ne6 45. Nb5+ Bxb5 46. Bxb5 f5
47. Be2 f6 48. gxf5 Nc7 49. Kd4 Kc6 50. Bf1 Kd7 51. Be2 Kc6 52. c4 dxc4 53.
Bf3+ Kd7 54. Kxc4 Ne8 55. a5 Nd6+ 56. Kd5 Nc8 57. Be4 Ne7+ 58. Kc4 Nc8 59. Bg2
Kd6 60. Bb7 Ne7 61. a6 Kc7 62. Bf3 Nc8 63. Bb7 Ne7 64. Ba8 Nc8 65. Kd5 Kd7 66.
Bc6+ Ke7 67. Bb5 Na7 68. Ba4 b5 69. Bc2 Kd7 70. Bd3 Kc7 71. Ke6 Nc6 72. Kxf6
1-0

[Event "Championnat de Paris Open Fide"]
[Site "Stade Charléty - 75013 Paris"]
[Date "2015.07.12"]
[Round "9.10"]
[White "Eden, James"]
[Black "Maleki, Manuel"]
[Result "1-0"]
[ECO "B06"]
[WhiteElo "2272"]
[BlackElo "2235"]
[PlyCount "109"]
[EventDate "2015.??.??"]
[TimeControl "5430"]

1. e4 d6 2. d4 g6 3. Nc3 c6 4. Be2 Bg7 5. h4 h5 6. Nf3 Bg4 7. Ng5 Bxe2 8. Nxe2
Nd7 9. Be3 Qa5+ 10. c3 Ngf6 11. Qb3 O-O 12. Nf4 e6 13. f3 Qb5 14. Qc2 e5 15.
Nd3 exd4 16. Bxd4 Rae8 17. O-O-O Ne5 18. Nxe5 dxe5 19. Be3 Rd8 20. Rxd8 Rxd8
21. Rd1 Re8 22. a4 Qc4 23. b3 Qa6 24. Rd6 Qf1+ 25. Kb2 a5 26. Qd2 Nh7 27. Nxh7
Kxh7 28. Rd7 b5 29. Rxf7 Rg8 30. axb5 cxb5 31. Ra7 a4 32. bxa4 bxa4 33. Rxa4
Rb8+ 34. Rb4 Ra8 35. Kc2 Ra2+ 36. Rb2 Ra1 37. Bc5 Qc4 38. Qd5 Qe2+ 39. Kb3 Qb5+
40. Bb4 Qa4+ 41. Kc4 Rd1 42. Qb5 Qa1 43. Kb3 Rd8 44. Qe2 Bh6 45. Ra2 Qb1+ 46.
Qb2 Qd1+ 47. Qc2 Qe1 48. Ra7+ Kh8 49. Ka4 Qa1+ 50. Ba3 Rb8 51. c4 Bf8 52. Qc1
Rb4+ 53. Ka5 Rb1 54. Qe3 Bxa3 55. Qh6+ 1-0